 Dungeon Crawl Stone Soup version 0.24.0-123-gd5b16e6ec5 (webtiles) character file.

Game seed: 14759408038821385563, levelgen mode: deterministic

49580 Curus the Impaler (level 14, -1/127 HPs)
             Began as a Minotaur Monk on Jan 2, 2020.
             Was the Champion of Okawaru.
             Slain by purzel's ghost (16 damage)
             ... on level 5 of the Lair of Beasts.
             The game lasted 01:16:19 (12901 turns).

Curus the Impaler (Minotaur Monk)                  Turns: 12901, Time: 01:16:19

Health: -1/127     AC: 19    Str: 17    XL:     14   Next: 16%
Magic:  23/23      EV: 24    Int:  8    God:    Okawaru [******]
Gold:   1031       SH:  4    Dex: 21    Spells: 13/13 levels left

rFire    + . .     SeeInvis +   x - +8 lance "Wyrmbane" {slay drac, rPois rF+ rC+ AC+3}
rCold    + + .     Gourm    .   a - +0 buckler
rNeg     . . .     Faith    .   G - +2 troll leather armour
rPois    +         Spirit   .   (helmet restricted)
rElec    .         Reflect  .   j - +1 cloak
rCorr    .         Harm     .   v - +1 pair of gloves
MR       +....                  w - +1 pair of boots
Stlth    +++.......             (no amulet)
HPRegen  0.71/turn              k - +3 ring of protection
MPRegen  0.18/turn              C - ring of the Octopus King {rC+ AC+1 EV+1 Str+1 Int+1 Dex+1}

@: no status effects
A: retaliatory headbutt, horns 2, repulsion field 1, thin skeletal structure 1,
see invisible, blink, high mp 1, screaming 1
a: Blink, Heroism, Finesse, Renounce Religion


You were on level 5 of the Lair of Beasts.
You worshipped Okawaru.
Okawaru was exalted by your worship.
You were very hungry.

You visited 2 branches of the dungeon, and saw 18 of its levels.

You collected 1031 gold pieces.

Inventory:

Hand Weapons
 b - a +1 lajatang of protection
 d - a +2 bardiche of freezing
 p - the +1 glaive of the Wasteland {venom, -Tele MR+ Dex+7}
   (Okawaru gifted it to you on level 6 of the Dungeon)

   It poisons the flesh of those it strikes.
   It affects your dexterity (+7).
   It affects your resistance to hostile enchantments.
   It prevents most forms of teleportation.
 x - the +8 lance "Wyrmbane" (weapon) {slay drac, rPois rF+ rC+ AC+3}
   (You found it on level 6 of the Lair of Beasts)

   It affects your AC (+3).
   It protects you from fire.
   It protects you from cold.
   It protects you from poison.
 O - the +1 halberd of Midwinter {flame, *Contam +Rage rPois Dex+4 Stlth+}
   (Okawaru gifted it to you on level 1 of the Lair of Beasts)

   It has been specially enchanted to burn those struck by it, causing extra
   injury to most foes and up to half again as much damage against particularly
   susceptible opponents.
   Big, fiery blades are also staple armaments of hydra-hunters.
   It affects your dexterity (+4).
   It protects you from poison.
   It lets you go berserk.
   It causes magical contamination when unequipped.
   It makes you more stealthy.
Armour
 a - a +0 buckler (worn)
 j - a +1 cloak (worn)
 v - a +1 pair of gloves (worn)
 w - a +1 pair of boots (worn)
 B - a +2 leather armour of fire resistance
 G - a +2 troll leather armour (worn)
 Y - +0 acid dragon scales
Jewellery
 f - an uncursed ring of ice
 k - a +3 ring of protection (left hand)
 u - an uncursed ring of teleportation
 z - a +3 ring of strength
 C - a ring of the Octopus King (right hand) {rC+ AC+1 EV+1 Str+1 Int+1 Dex+1}
   (You found it on level 12 of the Dungeon)

   [ring of protection from cold]

   It affects your AC (+1).
   It affects your evasion (+1).
   It affects your strength (+1).
   It affects your intelligence (+1).
   It affects your dexterity (+1).
   It protects you from cold.
 H - an uncursed amulet of harm
 I - an uncursed ring of see invisible
 J - an uncursed amulet of rage
 M - an uncursed ring of ice
 N - an uncursed ring of magical power
 P - a +3 ring of evasion
Wands
 m - a wand of polymorph (4)
 q - a wand of flame (22)
 A - a wand of acid (20)
 K - a wand of iceblast (2)
 L - a wand of random effects (17)
 S - a wand of paralysis (22)
 U - a wand of disintegration (12)
 V - a wand of digging (2)
Scrolls
 g - 6 scrolls of amnesia
 h - 14 scrolls of remove curse
 i - 8 scrolls of teleportation
 l - 6 scrolls of identify
 n - 4 scrolls of fog
 s - 2 scrolls of fear
 D - 3 scrolls of enchant armour
 T - a scroll of magic mapping
Potions
 e - 2 potions of ambrosia
 o - 8 potions of curing
 r - 5 potions of brilliance
 t - a potion of agility
 X - 2 potions of haste
Comestibles
 c - 33 rations


   Skills:
 + Level 12.9 Fighting
 - Level 16.0 Polearms
 + Level 11.9 Dodging
 - Level 1.5 Stealth
 - Level 8.6 Invocations
 - Level 11.0 Evocations


You had 13 spell levels left.
You didn't know any spells.
Your spell library contained the following spells:

 Spells                   Type           Power        Failure   Level  Hunger
 Beastly Appendage        Tmut           #.....       65%         1    ##.....
 Magic Dart               Conj           #...         65%         1    ##.....
 Blink                    Tloc           N/A          80%         2    ###....
 Call Imp                 Summ           #.......     80%         2    ###....
 Searing Ray              Conj           #.....       80%         2    ###....
 Slow                     Hex            #.......     80%         2    ###....
 Sticks to Snakes         Tmut           #.......     80%         2    ###....
 Conjure Flame            Conj/Fire      #.......     95%         3    ####...
 Dazzling Spray           Conj/Hex       #.....       95%         3    ####...
 Mephitic Cloud           Conj/Pois/Air  #.......     95%         3    ####...
 Spider Form              Tmut/Pois      #.........   95%         3    ####...
 Force Lance              Conj/Tloc      #.......     100%        4    #####..
 Fulminant Prism          Conj/Hex       #.........   100%        4    #####..
 Ice Form                 Ice/Tmut       #.......     100%        4    #####..
 Iskenderun's Mystic Bla  Conj           #.......     100%        4    #####..
 Blade Hands              Tmut           #.........   100%        5    ######.
 Poison Arrow             Conj/Pois      #.........   100%        6    #######
 Chain Lightning          Conj/Air       #.........   100%        8    #######
 Lehudib's Crystal Spear  Conj/Erth      #.........   100%        8    #######
 Fire Storm               Conj/Fire      #.........   100%        9    #######
 Glaciate                 Conj/Ice       #.........   100%        9    #######


Dungeon Overview and Level Annotations

Branches:
Dungeon (12/15)            Temple (0/1) D:4            Lair (6/6) D:9
 Shoals (0/4) Lair:3        Snake (0/4) Lair:4          Orc (0/2) D:9
  Slime: Lair:5-6

Altars:
Ashenzari
Cheibriados
Dithmenos
Elyvilon
Hepliaklqana
Kikubaaqudgha
Makhleb
Nemelex Xobeh
Okawaru
Ru
Sif Muna
Uskayaw
Wu Jian
Zin
Jiyva

Annotations:
Lair:2 exclusion: 4 oklob plants
Lair:5 purzel's ghost, journeyman DgAs


Innate Abilities, Weirdness & Mutations

You reflexively headbutt those who attack you in melee.
You have a pair of horns on your head.
You are surrounded by a mild repulsion field. (EV +2)
You have a somewhat thin skeletal structure. (Dex +2, Stealth)
You have supernaturally acute eyesight. (SInv)
You can translocate small distances at will.
You have an increased reservoir of magic. (+10% MP)
You occasionally shout uncontrollably at your foes.


Message History

Purzel's ghost is moderately damaged.
You hit purzel's ghost.
You headbutt purzel's ghost, but do no damage.
Purzel's ghost is moderately damaged.
Purzel's ghost hits you!
* * * LOW HITPOINT WARNING * * *
You are electrocuted!!
* * * LOW HITPOINT WARNING * * *
You blink.
You feel slightly more hungry.
Okay, then.
Unknown command.
You feel like a meek peon again.
Purzel's ghost lets out a mournful wail.
The porcupine looks more energetic.
You see here 13 stones.
Purzel's ghost hits you but does no damage.
There is a transporter here.
You enter the transporter and appear at another place.
Purzel's ghost hits you!
You die...

#.##...###.%.###.##...##
.####.##......©#.P#P...######
..##..#..#(#...#..##........###
......#..#.#...#.....#........#
.....)##.....#.##.##.........##
.......#(.#...#.#.#..........###
......©#![.©#...#.PP.........#.#
.......#?#.†...##W.............##
......##$#...#.#@............#..#
......#..#†##..##r....####....#..
......#.#...#...#....## ###..##.
......##..#....##...## ######
.......#......##...##
.......##.#####..###
........###.....#.#
##...##.........###
#########.......##


You could see a porcupine and purzel's ghost.

Vanquished Creatures
  Rupert (Lair:5)
  Gastronok (Lair:3)
  Josephine (Lair:4)
  6 hydras
  Fannar (Lair:1)
  A catoblepas (Lair:3)
  Nergalle (Lair:2)
  A fire crab (Lair:4)
  An unseen horror (D:12)
  Pikel (D:8)
  A wolf spider (Lair:5)
  An oklob plant (Lair:5)
  The ghost of diiiiiane the Covert, a novice OpAs of Dithmenos (D:5)
  8 elephants
  A moth of wrath (Lair:5)
  3 black mambas
  A gargoyle (D:12)
  7 spiny frogs
  10 komodo dragons
  3 rime drakes
  3 trolls
  4 polar bears (Lair:6)
  8 hornets
  8 blink frogs
  11 dream sheep
  7 hippogriffs
  3 wraiths (Lair:4)
  4 wyverns
  19 yaks
  15 spriggans
  Sigmund (D:2)
  3 basilisks
  2 steam dragons
  3 nagas (Lair:4)
  An acid dragon (Lair:4)
  11 water moccasins
  13 porcupines
  A swamp drake (Lair:4)
  5 orc warriors
  3 ice beasts
  4 boggarts (Lair:6)
  A slave (D:8)
  5 black bears
  5 ogres
  29 wolves
  6 crocodiles
  3 centaurs
  11 bullfrogs
  A wyvern skeleton (D:8)
  A scorpion (D:8)
  5 killer bees
  10 wights
  2 howler monkeys
  2 crimson imps
  A bullfrog skeleton (D:9)
  12 jellies
  3 hounds
  16 orc wizards
  5 orc priests
  2 centaur skeletons
  A gnoll shaman (D:7)
  Terence (D:2)
  3 iguanas
  6 worker ants
  A howler monkey zombie (D:9)
  Robin (D:3)
  9 adders
  20 oozes
  An adder zombie (D:5)
  4 worms
  An adder skeleton (D:9)
  3 dart slugs
  2 leopard geckos
  58 orcs
  9 bats
  A giant cockroach (D:1)
  18 goblins
  10 hobgoblins
  13 jackals
  5 kobolds
  10 quokkas
  6 frilled lizards
  A leopard gecko zombie (D:9)
  A quokka zombie (D:5)
  4 rats
489 creatures vanquished.

Vanquished Creatures (others)
  An orc (D:3)
  2 giant cockroaches (D:3)
  11 fungi
  9 plants
23 creatures vanquished.

Grand Total: 512 creatures vanquished

Notes
Turn   | Place    | Note
-------+----------+-------------------------------------------
     0 | D:1      | Curus the Minotaur Monk began the quest for the Orb.
     0 | D:1      | Reached XP level 1. HP: 19/19 MP: 0/0
    24 | D:1      | Reached skill level 4 in Polearms
    39 | D:1      | Reached XP level 2. HP: 15/26 MP: 1/1
   236 | D:1      | Reached skill level 5 in Polearms
   241 | D:1      | Reached XP level 3. HP: 30/31 MP: 2/2
   567 | D:2      | Found a sparkling altar of Nemelex Xobeh.
   619 | D:2      | Reached XP level 4. HP: 33/39 MP: 3/3
   621 | D:2      | Reached skill level 6 in Polearms
   678 | D:2      | Found an iron altar of Okawaru.
   694 | D:2      | Noticed Terence
   695 | D:2      | Became a worshipper of Warmaster Okawaru
   695 | D:2      | Reached * piety under Okawaru
   695 | D:2      | Reached ** piety under Okawaru
   704 | D:2      | Killed Terence
   795 | D:2      | Gained mutation: You do not regenerate when monsters are
                  | visible. [potion of mutation]
   795 | D:2      | Gained mutation: You can translocate small distances at
                  | will. [potion of mutation]
   795 | D:2      | Gained mutation: You have supernaturally acute eyesight.
                  | (SInv) [potion of mutation]
   795 | D:2      | Gained mutation: Your flesh is cold resistant. (rC+)
                  | [potion of mutation]
   992 | D:2      | Noticed Sigmund
  1015 | D:2      | Killed Sigmund
  1015 | D:2      | Reached skill level 8 in Polearms
  1015 | D:2      | Reached XP level 5. HP: 44/45 MP: 4/4
  1015 | D:2      | Reached XP level 6. HP: 50/51 MP: 5/5
  1217 | D:2      | Reached *** piety under Okawaru
  1475 | D:3      | Noticed Robin
  1505 | D:3      | Killed Robin
  1765 | D:3      | Found a white marble altar of Elyvilon.
  2245 | D:4      | Found a shattered altar of Ashenzari.
  2257 | D:4      | Noticed an ice beast
  2268 | D:4      | Killed an ice beast
  2268 | D:4      | Reached skill level 9 in Polearms
  2443 | D:4      | Found a staircase to the Ecumenical Temple.
  2539 | D:4      | Reached XP level 7. HP: 57/57 MP: 6/6
  2546 | D:4      | Found a sparkling altar of Nemelex Xobeh.
  2660 | D:5      | Entered Level 5 of the Dungeon
  2756 | D:5      | Reached **** piety under Okawaru
  2761 | D:5      | Reached skill level 10 in Polearms
  2813 | D:5      | Noticed a troll
  2837 | D:5      | Killed a troll
  3086 | D:5      | Reached skill level 11 in Polearms
  3185 | D:5      | Reached XP level 8. HP: 32/64 MP: 7/7
  3352 | D:5      | Found a shadowy altar of Dithmenos.
  3397 | D:5      | Received a gift from Okawaru
  3469 | D:5      | Found a runed translucent gate.
  3471 | D:5      | Found a runed translucent gate.
  3472 | D:5      | Found a runed translucent gate.
  3474 | D:5      | Noticed diiiiiane's ghost (novice OpAs)
  3742 | D:5      | Reached skill level 12 in Polearms
  4098 | D:5      | Killed diiiiiane's ghost
  4098 | D:5      | Reached skill level 13 in Polearms
  4187 | D:5      | Lost mutation: You do not regenerate when monsters are
                  | visible. [potion of mutation]
  4187 | D:5      | Lost mutation: Your flesh is cold resistant. (rC+) [potion
                  | of mutation]
  4187 | D:5      | Gained mutation: You have a somewhat thin skeletal
                  | structure. (Dex +2, Stealth) [potion of mutation]
  4187 | D:5      | Gained mutation: You evolve. [potion of mutation]
  4187 | D:5      | Gained mutation: You have an increased reservoir of magic.
                  | (+10% MP) [potion of mutation]
  4220 | D:6      | Reached ***** piety under Okawaru
  4344 | D:6      | Found an ancient bone altar of Kikubaaqudgha.
  4345 | D:6      | Found a white marble altar of Elyvilon.
  4346 | D:6      | Found a shimmering blue altar of Sif Muna.
  4469 | D:6      | Reached XP level 9. HP: 53/70 MP: 8/8
  4732 | D:6      | Reached skill level 14 in Polearms
  4883 | D:6      | Received a gift from Okawaru
  4889 | D:6      | Got a smoking glaive {god gift}
  4890 | D:6      | Identified the +1 glaive of the Wasteland {venom, -Tele MR+
                  | Dex+7} (Okawaru gifted it to you on level 6 of the Dungeon)
  4990 | D:7      | Reached skill level 5 in Fighting
  5111 | D:7      | Reached skill level 5 in Dodging
  5670 | D:7      | Found an ornate altar of the Wu Jian Council.
  5670 | D:7      | Found a hide-covered altar of Uskayaw.
  5912 | D:8      | Reached XP level 10. HP: 88/88 MP: 10/10
  5975 | D:8      | Noticed Pikel
  5984 | D:8      | Killed Pikel
  6107 | D:8      | Received a gift from Okawaru
  6122 | D:8      | Found a snail-covered altar of Cheibriados.
  6411 | D:9      | You fall into a shaft and drop 3 floors!
  6411 | D:12     | Found the ring of the Octopus King
  6412 | D:12     | Noticed a five-headed hydra
  6412 | D:12     | Noticed an unseen horror
  6415 | D:12     | Killed an unseen horror
  6422 | D:12     | Got a ring of the Octopus King
  6430 | D:12     | Identified a ring of the Octopus King {rC+ AC+1 EV+1 Str+1
                  | Int+1 Dex+1} (You found it on level 12 of the Dungeon)
  6480 | D:12     | Noticed a gargoyle
  6490 | D:12     | Killed a gargoyle
  6495 | D:12     | Reached skill level 10 in Fighting
  6689 | D:10     | Entered Level 10 of the Dungeon
  6736 | D:9      | Found a hazy altar of Hepliaklqana.
  6821 | D:9      | Found a staircase to the Lair.
  6882 | D:9      | Found a burning altar of Makhleb.
  6885 | D:9      | Found a staircase to the Orcish Mines.
  7231 | D:9      | Found a sacrificial altar of Ru.
  7292 | D:9      | Gained mutation: You are surrounded by a mild repulsion
                  | field. (EV +2) [evolution]
  7292 | D:9      | Lost mutation: You evolve. [end of evolution]
  7596 | D:9      | Found a glowing silver altar of Zin.
  7683 | Lair:1   | Entered Level 1 of the Lair of Beasts
  7683 | Lair:1   | Noticed a spiny frog
  7691 | Lair:1   | Killed a spiny frog
  7691 | Lair:1   | Reached skill level 1 in Invocations
  7691 | Lair:1   | Reached XP level 11. HP: 101/101 MP: 11/11
  8305 | Lair:1   | Reached ****** piety under Okawaru
  8311 | Lair:1   | Received a gift from Okawaru
  8312 | Lair:1   | Got a pitted halberd {god gift}
  8535 | Lair:1   | Identified the +1 halberd of Midwinter {flame, *Contam
                  | +Rage rPois Dex+4 Stlth+} (Okawaru gifted it to you on
                  | level 1 of the Lair of Beasts)
  8539 | Lair:2   | Noticed Fannar
  8546 | Lair:2   | Noticed a five-headed hydra
  8562 | Lair:1   | Killed Fannar
  8562 | Lair:1   | Reached skill level 15 in Polearms
  8562 | Lair:1   | Reached skill level 5 in Invocations
  8826 | Lair:2   | Killed a two-headed hydra
  8871 | Lair:2   | Noticed an oklob plant
  8871 | Lair:2   | Noticed an oklob plant
  8871 | Lair:2   | Noticed an oklob plant
  8871 | Lair:2   | Noticed an oklob plant
  8872 | Lair:2   | Found the +7 great mace "Firestarter" {inner flame, rF++}
  8904 | Lair:2   | Received a gift from Okawaru
  8905 | Lair:2   | Got a jewelled triple crossbow {god gift}
  9047 | Lair:2   | Reached XP level 12. HP: 108/108 MP: 16/18
  9071 | Lair:2   | You fall into a shaft and drop 2 floors!
  9093 | Lair:3   | Reached skill level 16 in Polearms
  9167 | Lair:3   | Reached skill level 1 in Evocations
  9307 | Lair:3   | Noticed Gastronok
  9322 | Lair:3   | Killed Gastronok
  9395 | Lair:2   | Noticed Nergalle
  9403 | Lair:2   | Killed Nergalle
  9403 | Lair:2   | Received a gift from Okawaru
  9404 | Lair:2   | Got a jewelled scale mail {god gift}
  9603 | Lair:2   | Identified the +0 scale mail "Tumnekh" {rN+ Dex+4} (Okawaru
                  | gifted it to you on level 2 of the Lair of Beasts)
  9687 | Lair:3   | Found a staircase to the Shoals.
  9917 | Lair:3   | Noticed a catoblepas
  9932 | Lair:3   | Killed a catoblepas
  9932 | Lair:3   | Reached skill level 5 in Evocations
 10304 | Lair:4   | Found a staircase to the Snake Pit.
 10389 | Lair:4   | Noticed a six-headed hydra
 10398 | Lair:4   | Killed a one-headed hydra
 10398 | Lair:4   | Noticed Josephine
 10405 | Lair:4   | Killed Josephine
 10405 | Lair:4   | Reached XP level 13. HP: 18/114 MP: 20/20
 10568 | Lair:4   | Found a shimmering blue altar of Sif Muna.
 10934 | Lair:5   | Received a gift from Okawaru
 10935 | Lair:5   | Found the +15 Maxwell's patent armour {-Cast -Tele rElec
                  | MR+ rCorr}
 11147 | Lair:5   | Found a transporter.
 11294 | Lair:5   | Reached skill level 10 in Evocations
 11493 | Lair:5   | Found a transporter.
 11508 | Lair:5   | Noticed purzel's ghost (journeyman DgAs)
 11657 | Lair:5   | Noticed Rupert
 11666 | Lair:5   | Killed Rupert
 11916 | Lair:6   | Entered Level 6 of the Lair of Beasts
 11986 | Lair:6   | Reached skill level 10 in Dodging
 12248 | Lair:6   | Received a gift from Okawaru
 12437 | Lair:6   | Reached XP level 14. HP: 36/127 MP: 21/23
 12446 | Lair:6   | Received a gift from Okawaru
 12634 | Lair:6   | Found the +8 lance "Wyrmbane" {slay drac, rPois rF+ rC+
                  | AC+3}
 12705 | Lair:6   | Gained mutation: You occasionally shout uncontrollably at
                  | your foes. [mutagenic glow]
 12772 | Lair:6   | Found a viscous altar of Jiyva.
 12901 | Lair:5   | Slain by purzel's ghost

Levels and vault maps discovered:
D:1:      dpeg_arrival_shrine, layout_basic
D:2:      layout_basic, nemelex_altar_shiori, okawaru_gym_becter, uniq_terence,
          uniq_sigmund
D:3:      layout_basic, elyvilon_altar_4, uniq_robin
D:4:      layout_basic, ashenzari_altar_1, minmay_temple_entry_junction_2,
          first_ration, nemelex_dance_club_becter
D:5:      layout_basic, marbit_many_paths, gammafunk_ghost_necromancy
D:6:      layout_gridville, grunt_temple_overflow_open, serial_rivers,
          chequers_serial_rivers_micro_d, chequers_serial_rivers_room_a,
          chequers_serial_rivers_large_a, chequers_serial_rivers_micro_d
D:7:      minmay_recursive_quarters, layout_loops_ring,
          gammafunk_temple_overflow_elements, the_bakery
D:8:      layout_basic, kennysheep_mini_moat, uniq_pikel
D:9:      layout_irregular_city, lemuel_crystal_altar, lemuel_round_altar,
          zin_treasury, nicolae_ru_great_annihilating_truth, lair_entry_dummy,
          hiddenorc2_lemuel, chequers_serial_rivers_small_3
D:10:     layout_rooms
D:11:     layout_roguey, basic_altar, serial_shops, shop,
          lightli_church_of_beogh, uniq_harold
D:12:     layout_cave_pods, uniq_sonja
Lair:1:   layout_gridlike, beast_lair_carwin_9, grunt_megastairs_1,
          serial_bayou_shore_b
Lair:2:   wander_river, layout_chaotic_city, st_stairs_9, minivault_26,
          minmay_lair_oklob_chamber, serial_bayou_shore_b, uniq_fannar,
          uniq_nergalle
Lair:3:   layout_roguey, elwin_shoals_entry_rocks, serial_bayou_shore_a,
          uniq_gastronok
Lair:4:   layout_cave_shapes, minmay_snake_entry_guardpost_medium, basic_altar,
          guppyfry_lair_drakes, uniq_josephine
Lair:5:   lemuel_slime, layout_cave_pods, gammafunk_ghost_berserking_beasts,
          lemuel_fruit_fields, grunt_megastairs_5, uniq_rupert
Lair:6:   minmay_lair_end_enchanted_forest, layout_loops_ring, slime_altar_1,
          grunt_megastairs_3, infiniplex_staircase_pool_2

Skill      XL: |  1  2  3  4  5  6  7  8  9 10 11 12 13 |
---------------+----------------------------------------+-----
Polearms       | 4 5 8 9 11 13 14 15 16 | 16.0
Fighting       | 7 10 12 | 12.9
Dodging        | 7 9 11 | 11.9
Invocations    | 1 7 8 |  8.6
Evocations     | 8 11 | 11.0
Stealth        | |  1.5

Action                   |  1- 3 |  4- 6 |  7- 9 | 10-12 | 13-15 || total
-------------------------+-------+-------+-------+-------+-------++-------
Melee: Spear             |   120 |   104 |       |       |       ||   224
       Headbutt          |    13 |    24 |    65 |   109 |   110 ||   321
       Trident           |       |    34 |   244 |       |       ||   278
       Glaive            |       |       |    94 |   224 |       ||   318
       Halberd           |       |       |       |   276 |   356 ||   632
       Lance             |       |       |       |       |    77 ||    77
Invok: Heroism           |       |       |     1 |     1 |     3 ||     5
 Abil: Blink             |       |       |       |       |     5 ||     5
       Evoke Berserk Rag |       |       |       |       |     1 ||     1
Evoke: Wand              |       |       |       |       |     2 ||     2
  Use: Scroll            |     5 |     3 |     4 |     6 |     3 ||    21
       Potion            |     3 |     5 |     2 |     1 |     1 ||    12
 Stab: Sleeping          |     4 |     3 |    18 |    20 |     6 ||    51
       Distracted        |     1 |       |     2 |     4 |     1 ||     8
       Paralysed         |       |       |       |     1 |       ||     1
  Eat: Chunk             |       |     5 |    11 |    15 |     8 ||    39
Armor: Robe              |     4 |       |       |       |       ||     4
       Leather armour    |     7 |    23 |    53 |     7 |       ||    90
       Troll leather arm |       |       |       |    37 |    89 ||   126
       Acid dragon scale |       |       |       |       |     3 ||     3
Dodge: Dodged            |    62 |    65 |   175 |   304 |   440 ||  1046
Block: Buckler           |       |       |       |       |    18 ||    18
